 Dungeon Crawl Stone Soup version 0.30-b1-5-g8e6c1be481 (webtiles) character file.

Game seed: 4706802245935222288

2044 KittyFluff the Basher (level 9, -12/55 HPs)
             Began as a Gargoyle Berserker on May 3, 2023.
             Was an Elder of Trog.
             Mangled by a white ugly thing (34 damage)
             ... on level 7 of the Dungeon.
             The game lasted 00:40:32 (6710 turns).

KittyFluff the Basher (Gargoyle Berserker)          Turns: 6710, Time: 00:40:32

Health: -12/55     AC: 19    Str: 24    XL:     9   Next: 24%
Magic:  9/9        EV: 12    Int:  7    God:    Trog [****..]
Gold:   279        SH:  5    Dex: 11    Spells: 8/8 levels left

rFire   + . .        P - +0 flail (protect)
rCold   . . .        (no shield)
rNeg    + + .        r - +0 leather armour
rPois   ∞            s - +0 helmet
rElec   +            (no cloak)
rCorr   .            K - +0 pair of gloves
SInv    .            (no boots)
Will    .....        j - amulet of reflection
Stlth   ++           S - +4 ring of slaying
HPRegen 0.29/turn    M - ring "Luprugg" {rPois rF+ rN+ Slay+3}
MPRegen 0.11/turn

%: reflection
@: under a protective aura, studying Throwing
A: sickness immunity, AC +6, negative energy resistance 1, electricity
resistance, torment resistance 1, petrification resistance
a: Renounce Religion, Berserk, Trog's Hand, Brothers in Arms


You were on level 7 of the Dungeon.
You worshipped Trog.
Trog was greatly pleased with you.
You visited 1 branch of the dungeon, and saw 7 of its levels.
You also visited: Sewer.

You collected 349 gold pieces.
You spent 70 gold pieces at shops.

Inventory:

Hand Weapons
 a - a +0 mace
 B - a +0 arbalest
 P - a +0 flail of protection (weapon)
Missiles
 c - 29 poisoned darts (quivered)
 d - 4 datura-tipped darts
 D - 6 atropa-tipped darts
 T - a curare-tipped dart
Armour
 k - the +8 orange crystal plate armour {Archmagi, Int+3 Clar}
   (You acquired it on level 6 of the Dungeon)

   Int:       It affects your intelligence (+3).
   Clar:      It protects you from confusion, rage, mesmerisation and fear.
 r - a +0 leather armour (worn)
 s - a +0 helmet (worn)
 K - a +0 pair of gloves (worn)
Jewellery
 e - a ring of see invisible
 j - an amulet of reflection (around neck)
 q - a ring of flight
 F - an amulet of regeneration
 M - the ring "Luprugg" (right hand) {rPois rF+ rN+ Slay+3}
   (You acquired it on level 6 of the Dungeon)

   [ring of protection from fire]

   Slay:      It affects your accuracy & damage with ranged weapons and melee
   (+3).
   rF:        It protects you from fire.
   rPois:     It protects you from poison.
   rN:        It protects you from negative energy.
 O - a +6 ring of dexterity
 S - a +4 ring of slaying (left hand)
Wands
 t - a wand of quicksilver (2)
 Q - a wand of flame (29)
Scrolls
 b - 2 scrolls of fear {unknown}
 f - 2 scrolls of enchant weapon {unknown}
 l - a scroll of torment {unknown}
 m - 3 scrolls of magic mapping {unknown}
 n - 3 scrolls of identify {unknown}
 o - a scroll of amnesia {unknown}
 p - 2 scrolls of teleportation {unknown}
 y - 2 scrolls of fog {unknown}
 z - a scroll of silence {unknown}
 A - 3 scrolls of vulnerability {unknown}
 E - a scroll of poison {unknown}
 G - 3 scrolls of blinking {unknown}
 J - 2 scrolls of noise {unknown}
 N - a scroll of brand weapon {unknown}
 R - a scroll of summoning {unknown}
 V - a scroll of acquirement
Potions
 g - 4 potions of heal wounds
 h - 2 potions of flight {unknown}
 i - 5 potions of curing {unknown}
 u - 4 potions of haste {unknown}
 v - a potion of magic {unknown}
 w - 6 potions of mutation {unknown}
 x - 3 potions of degeneration {unknown}
 C - a potion of attraction {unknown}
 H - a potion of might {unknown}
 I - a potion of invisibility {unknown}
 L - a potion of lignification {unknown}
 U - a potion of brilliance {unknown}


   Skills:
 + Level 5.9 Fighting
 + Level 8.0 Maces & Flails
 + Level 1.1 Throwing
 * Level 6.0 Armour
 + Level 4.0 Dodging
 + Level 2.5 Stealth
 + Level 2.8 Shields


You had 8 spell levels left.
You didn't know any spells.
Your spell library was empty.

Dungeon Overview and Level Annotations

Branches:
Dungeon (7/15)             Temple (0/1) D:7           Sewer (visited)

Altars:
Makhleb
Yredelemnul

Shops:
D:2 !


Innate Abilities, Weirdness & Mutations

You are immune to sickness and miasma.
Your stone body is resilient. (AC +6)
You are immune to poison.
You resist negative energy. (rN+)
You are resistant to electric shocks. (rElec)
You are resistant to unholy torment.
You are immune to petrification.


Message History

The white ugly thing freezes you!
You hit the white ugly thing.
Your weapon exudes an aura of protection.
The white ugly thing is lightly wounded.
The white ugly thing engulfs you but does no damage.
You sock the white ugly thing!
The white ugly thing is moderately wounded.
The white ugly thing engulfs you but does no damage.
You closely miss the white ugly thing.
The white ugly thing is moderately wounded.
The white ugly thing engulfs you but does no damage.
You hit the white ugly thing but do no damage.
The white ugly thing is moderately wounded.
The white ugly thing engulfs you but does no damage.
You closely miss the white ugly thing.
The white ugly thing is moderately wounded.
The white ugly thing engulfs you but does no damage.
You hit the white ugly thing.
The white ugly thing is moderately wounded.
The white ugly thing barely misses you.
You hit the white ugly thing.
The white ugly thing is heavily wounded.
The white ugly thing engulfs you. The white ugly thing freezes you!!
* * * LOW HITPOINT WARNING * * *
You feel much better.
You block the white ugly thing's attack.
You sock the white ugly thing!
The white ugly thing is heavily wounded.
You block the white ugly thing's attack.
You barely miss the white ugly thing.
The white ugly thing is heavily wounded.
The white ugly thing completely misses you.
You sock the white ugly thing!
The white ugly thing is severely wounded.
The white ugly thing engulfs you but does no damage.
You sock the white ugly thing!
The white ugly thing is almost dead.
The white ugly thing engulfs you. The white ugly thing freezes you!!
Ouch! That really hurt!
You die...

...... .....# .#...
.########...#
............ ##
..........#...#.
......$u...# ...
#.@#####.>.
##†...#.....#....
##..#...#...#..#
#.....###....#
#########....#.#.#..#
#..............#....#####
#..............#.........
#........................
#........................


You could see a white ugly thing.

Vanquished Creatures
  Grinder (D:5)
  Sigmund (D:3)
  Eustachio (D:4)
  2 ice beasts (D:5)
  A centaur (D:7)
  An ogre (D:6)
  4 kobold brigands
  A bullfrog (D:7)
  2 scorpions
  2 electric eels (D:6)
  A howler monkey (D:6)
  2 hounds (D:6)
  2 orc priests
  A sleepcap (D:7)
  An orc wizard (D:6)
  2 iguanas
  10 gnolls
  14 adders
  5 river rats (Sewer)
  A shadow imp (D:6)
  2 ufetubi
  2 worms
  A dart slug (D:4)
  10 orcs
  7 endoplasms
  3 giant cockroaches
  3 goblins
  A hobgoblin (D:2)
  2 jackals (D:1)
  2 quokkas
  9 ball pythons
  4 bats
  4 frilled lizards
  23 kobolds
  22 rats
150 creatures vanquished.

Vanquished Creatures (others)
  A kobold (D:7)
  A plant (D:6)
2 creatures vanquished.

Grand Total: 152 creatures vanquished

Notes
Turn   | Place    | Note
-------+----------+-------------------------------------------
     0 | D:1      | KittyFluff the Gargoyle Berserker began the quest for the
                  | Orb.
     0 | D:1      | Reached XP level 1. HP: 14/14 MP: 1/1
    35 | D:1      | Found a faded altar of an unknown god.
   134 | D:1      | Reached XP level 2. HP: 16/19 MP: 2/2
   861 | D:2      | Found Irphya's Distillery.
   963 | D:2      | Reached XP level 3. HP: 19/24 MP: 3/3
  1093 | D:2      | Reached ** piety under Trog
  1098 | D:2      | Reached XP level 4. HP: 16/29 MP: 4/4
  1824 | D:2      | Bought a potion of heal wounds for 70 gold pieces
  2058 | D:3      | Reached skill level 1 in Stealth
  2223 | D:3      | Noticed Sigmund
  2247 | D:3      | Killed Sigmund
  2248 | D:3      | Reached skill level 4 in Maces & Flails
  2248 | D:3      | Reached XP level 5. HP: 5/34 MP: 5/5
  2248 | D:3      | Reached XP level 6. HP: 6/39 MP: 6/6
  2388 | D:3      | Found a faded altar of an unknown god.
  2392 | D:3      | Found a burning altar of Makhleb.
  2543 | D:3      | Found a basalt altar of Yredelemnul.
  2883 | D:4      | Reached skill level 5 in Maces & Flails
  3052 | D:4      | Reached skill level 1 in Shields
  3055 | D:4      | Noticed Eustachio
  3079 | D:4      | Killed Eustachio
  3080 | D:4      | Reached XP level 7. HP: 22/44 MP: 7/7
  3447 | D:4      | Identified the staff of poison "Batush" {Drain rPois rCorr
                  | Dex+3}
  3527 | D:5      | Entered Level 5 of the Dungeon
  3693 | D:5      | Found a glowing drain.
  3712 | Sewer    | Entered a sewer
  3845 | Sewer    | Reached skill level 1 in Throwing
  3921 | Sewer    | Reached skill level 5 in Fighting
  3975 | Sewer    | Reached *** piety under Trog
  4090 | Sewer    | Reached XP level 8. HP: 32/49 MP: 8/8
  4189 | Sewer    | Reached skill level 6 in Maces & Flails
  4865 | D:5      | Noticed Grinder
  4877 | D:5      | Paralysed by Grinder for 5 turns
  4894 | D:5      | Killed Grinder
  4895 | D:5      | Reached skill level 5 in Armour
  5389 | D:6      | Identified 3 scrolls of acquirement
  5389 | D:6      | Acquired a manual of Throwing
  5391 | D:6      | Acquired the ring "Luprugg" {rPois rF+ rN+ Slay+3}
  5394 | D:6      | Acquired the +8 orange crystal plate armour {Archmagi,
                  | Int+3 Clar}
  5394 | D:6      | Found the +8 orange crystal plate armour {Archmagi, Int+3
                  | Clar}
  5416 | D:6      | Reached **** piety under Trog
  5570 | D:6      | Reached skill level 7 in Maces & Flails
  5610 | D:6      | Found a transporter.
  5745 | D:6      | Found a transporter.
  6074 | D:6      | Reached XP level 9. HP: 55/55 MP: 9/9
  6683 | D:7      | Found a staircase to the Ecumenical Temple.
  6694 | D:7      | Reached skill level 8 in Maces & Flails
  6694 | D:7      | Noticed a white ugly thing
  6710 | D:7      | Mangled by a white ugly thing

Illustrated notes

Levels and vault maps discovered:
D:1:      dpeg_arrival_leaves_temple_mockup, layout_rooms,
          hellmonk_ecumenical_altar_run_dry
D:2:      layout_basic, serial_shops, nicolae_shop_industrial_runoff
D:3:      layout_basic, nicolae_overflow_ecumenical_swirl,
          mainiacjoe_overflow_small_starburst, minmay_misc_feat_tiny,
          fountainhead, supply_closet_lemuel, uniq_sigmund
D:4:      layout_gridville, uniq_eustachio
D:5:      layout_gridville, portal_sewer_entry_a,
          hangedman_abyss_or_decor_slice, uniq_grinder
D:6:      gammafunk_steamed_eel, layout_loops_cross, nicolae_half_adder
D:7:      minmay_octagon_keep, layout_basic, mainiacjoe_overflow_catwalk,
          minmay_temple_entry_arrows

Skill      XL: |  1  2  3  4  5  6  7  8  9 |
---------------+----------------------------+-----
Fighting       | 4 5 |  5.9
Dodging        | 2 3 4 |  4.0
Stealth        | 1 2 |  2.5
Maces & Flails | 4 5 7 8 |  8.0
Armour         | 3 4 5 6 |  6.0
Shields        | 1 2 |  2.8
Throwing       | 1 |  1.1

Action                     |  1- 3 |  4- 6 |  7- 9 || total
---------------------------+-------+-------+-------++-------
  Melee: Mace              |    69 |    97 |   314 ||   480
         Punch             |     1 |     3 |     9 ||    13
         Flail             |       |       |    94 ||    94
  Throw: Dart              |       |     9 |     1 ||    10
 Invoke: Berserk           |       |     1 |       ||     1
    Use: Scroll            |       |       |     3 ||     3
         Potion            |       |       |     2 ||     2
   Stab: Sleeping          |       |       |     2 ||     2
 Armour: Animal skin       |    28 |    10 |       ||    38
         Leather armour    |       |    26 |   161 ||   187
  Dodge: Dodged            |    32 |    60 |   249 ||   341
  Block: Other             |       |    19 |    82 ||   101
         Reflection        |       |       |     4 ||     4
